[Event "4th Memorial Warakomska-A 2020"]
[Site "Suwalki"]
[Date "2020.08.12"]
[Round "8.10"]
[White "Szustakowski, Antoni"]
[Black "Rasti, Arvin"]
[Result "1-0"]
[ECO "A56"]
[WhiteElo "2295"]
[BlackElo "2139"]
[Annotator "ChessBase"]
[PlyCount "89"]
[EventDate "2020.08.06"]
[EventType "swiss"]
[EventCountry "POL"]
[SourceTitle "playchess.com"]
[Source "ChessBase"]
[SourceQuality "1"]
[TimeControl "40/5400+30:1800+30"]

1. d4 Nf6 2. c4 c5 3. d5 g6 4. Nc3 Bg7 5. e4 d6 6. Nf3 O-O 7. Bd3 e6 8. h3 Na6 9. O-O Nc7 10. Be3 exd5 11. exd5 b5 12. Bg5 h6 13. Bh4 bxc4 14. Bxc4 Rb8 15. Qd2 Ba6 16. Bxa6 Nxa6 17. Rfe1 Qb6 18. Bxf6 Bxf6 19. Qxh6 Qxb2 20. Ne4 Nc7 21. Rad1 Bg7 22. Qh4 Rfe8 23. Nxd6 Rxe1+ 24. Rxe1 Qf6 25. Qg3 Nxd5 26. Nxf7 Nf4 27. N3g5 Rb1 28. Rxb1 Ne2+ 29. Kh2 Nxg3 30. Rb8+ Bf8 31. fxg3 c4 32. h4 Qc6 33. Nd8 Qd6 34. Rc8 Qd7 35. Ra8 c3 36. Nde6 Qd6 37. Rc8 c2 38. Rxc2 Qd7 39. Rc7 Qe8 40. Rxa7 Bh6 41. Nc7 Qc6 42. Ra8+ Kg7 43. Rc8 Qa4 44. Ra8 Qc4 45. Ne8+ 1-0

[Event "4th Memorial Warakomska-A 2020"]
[Site "Suwalki"]
[Date "2020.08.12"]
[Round "8.11"]
[White "Krasiewicz, Robert"]
[Black "Korbal, Arkadiusz"]
[Result "1-0"]
[ECO "E06"]
[WhiteElo "2033"]
[BlackElo "2113"]
[Annotator "ChessBase"]
[PlyCount "141"]
[EventDate "2020.08.06"]
[EventType "swiss"]
[EventCountry "POL"]
[SourceTitle "playchess.com"]
[Source "ChessBase"]
[SourceQuality "1"]
[TimeControl "40/5400+30:1800+30"]

1. d4 Nf6 2. Nf3 e6 3. c4 d5 4. g3 Be7 5. Bg2 O-O 6. O-O dxc4 7. Ne5 Nc6 8. Bxc6 bxc6 9. Nxc6 Qe8 10. Nxe7+ Qxe7 11. Qa4 e5 12. dxe5 Qxe5 13. Qxc4 Be6 14. Qc2 Rab8 15. Nc3 Rb4 16. f3 Bh3 17. Rd1 Qc5+ 18. e3 Qh5 19. Qf2 Re8 20. Rd3 Be6 21. b3 Nd7 22. e4 Ne5 23. Re3 Rd8 24. Bb2 c6 25. Rd1 Rbb8 26. Qe2 h6 27. Na4 Nxf3+ 28. Rxf3 Rxd1+ 29. Qxd1 Bg4 30. Kg2 Qh3+ 31. Kg1 Qh5 32. Qd6 Re8 33. Rf4 Bh3 34. Qd4 f6 35. Kf2 Be6 36. h4 Qa5 37. Bc3 Qc7 38. Nc5 Bc8 39. e5 fxe5 40. Qc4+ Kh8 41. Rf7 Qd6 42. b4 Qg6 43. Bxe5 Be6 44. Rxg7 Bxc4 45. Rxg6+ Rxe5 46. Rxh6+ Kg8 47. Rxc6 Re2+ 48. Kf3 Rxa2 49. Rc8+ Kh7 50. Rc7+ Kg8 51. Nd7 Be2+ 52. Ke3 Bd1 53. Nf6+ Kf8 54. h5 Ra6 55. Nd7+ Ke8 56. Ne5 Ra3+ 57. Kf4 Bxh5 58. g4 Bxg4 59. Kxg4 a5 60. Nc4 Ra4 61. bxa5 Kd8 62. Rc5 Ra1 63. Kf4 Ra2 64. Ke4 Ra1 65. Kd4 Rd1+ 66. Kc3 Ra1 67. Kb4 Rb1+ 68. Ka4 Ra1+ 69. Na3 Rh1 70. a6 Rh6 71. Kb5 1-0

[Event "4th Memorial Warakomska-A 2020"]
[Site "Suwalki"]
[Date "2020.08.12"]
[Round "8.12"]
[White "Jarocka, Liwia"]
[Black "Jakhari, Ansh"]
[Result "1-0"]
[ECO "A40"]
[WhiteElo "1934"]
[BlackElo "1908"]
[Annotator "ChessBase"]
[PlyCount "75"]
[EventDate "2020.08.06"]
[EventType "swiss"]
[EventCountry "POL"]
[SourceTitle "playchess.com"]
[Source "ChessBase"]
[SourceQuality "1"]
[TimeControl "40/5400+30:1800+30"]

1. d4 Nf6 2. c4 e6 3. g3 c5 4. Nf3 cxd4 5. Nxd4 Bb4+ 6. Bd2 Bxd2+ 7. Qxd2 a6 8. Bg2 O-O 9. Nc3 Nc6 10. O-O Qc7 11. Rac1 d6 12. Rfd1 Rd8 13. Nd5 exd5 14. cxd5 Nxd5 15. Bxd5 Bd7 16. Qf4 Rf8 17. Nxc6 bxc6 18. Bb3 Rad8 19. Qxd6 Qb6 20. Qe7 Qc7 21. Rd2 a5 22. Rcd1 a4 23. Bc4 Qb6 24. Rxd7 Rxd7 25. Rxd7 Qb8 26. Bxf7+ Kh8 27. Bc4 Rg8 28. Bxg8 Qxg8 29. Rd8 h6 30. Rxg8+ Kxg8 31. e4 c5 32. e5 c4 33. e6 a3 34. Qf7+ Kh7 35. Qf5+ g6 36. Qf7+ Kh8 37. e7 axb2 38. e8=R# 1-0

[Event "4th Memorial Warakomska-A 2020"]
[Site "Suwalki"]
[Date "2020.08.12"]
[Round "8.13"]
[White "Sobocinski, Slawomir"]
[Black "Rosol, Alexander"]
[Result "0-1"]
[ECO "A45"]
[WhiteElo "1914"]
[BlackElo "1933"]
[Annotator "ChessBase"]
[PlyCount "92"]
[EventDate "2020.08.06"]
[EventType "swiss"]
[EventCountry "POL"]
[SourceTitle "playchess.com"]
[Source "ChessBase"]
[SourceQuality "1"]
[TimeControl "40/5400+30:1800+30"]

1. d4 Nf6 2. Nc3 d6 3. e4 e5 4. dxe5 dxe5 5. Qxd8+ Kxd8 6. Bc4 Ke8 7. Nf3 Bd6 8. Bg5 Nbd7 9. O-O-O Nb6 10. Bb3 a5 11. Nb5 a4 12. Nxd6+ cxd6 13. Bd5 Ke7 14. Kb1 h6 15. Bxf6+ gxf6 16. Nh4 Nxd5 17. Rxd5 Be6 18. Nf5+ Bxf5 19. exf5 Ra6 20. Rb5 b6 21. g4 Rc8 22. Rd1 Rc6 23. f3 Ra8 24. Rd2 Rb8 25. a3 Kd7 26. Rbd5 Kc7 27. c3 Rd8 28. h3 Rc4 29. Rb5 Kc6 30. Rb4 Kc5 31. Kc2 d5 32. b3 axb3+ 33. Kxb3 b5 34. Rd3 d4 35. h4 Ra8 36. f4 dxc3 37. Rxc3 Rxc3+ 38. Kxc3 Rxa3+ 39. Rb3 Rxb3+ 40. Kxb3 exf4 41. Kc3 b4+ 42. Kd3 b3 43. Kc3 f3 44. g5 fxg5 45. hxg5 hxg5 46. Kxb3 f2 0-1

[Event "4th Memorial Warakomska-A 2020"]
[Site "Suwalki"]
[Date "2020.08.12"]
[Round "8.14"]
[White "Staroszczyk, Mateusz"]
[Black "Choroszej, Aleksander"]
[Result "1-0"]
[ECO "B06"]
[WhiteElo "1984"]
[BlackElo "2059"]
[Annotator "ChessBase"]
[PlyCount "49"]
[EventDate "2020.08.06"]
[EventType "swiss"]
[EventCountry "POL"]
[SourceTitle "playchess.com"]
[Source "ChessBase"]
[SourceQuality "1"]
[TimeControl "40/5400+30:1800+30"]

1. e4 g6 2. d4 Bg7 3. Nc3 d6 4. Be3 a6 5. a4 Nf6 6. f3 b6 7. Bc4 e6 8. Qd2 h6 9. Nge2 Bb7 10. d5 e5 11. O-O Nbd7 12. Kh1 Qe7 13. b4 Nh5 14. a5 b5 15. Bxb5 axb5 16. Nxb5 Nb8 17. c4 O-O 18. Bxh6 Bxh6 19. Qxh6 Rc8 20. f4 exf4 21. Nxf4 Qe5 22. Nxg6 fxg6 23. Qxg6+ Ng7 24. Qf7+ Kh7 25. Ra3 1-0

[Event "4th Memorial Warakomska-A 2020"]
[Site "Suwalki"]
[Date "2020.08.12"]
[Round "8.15"]
[White "Jurkiewicz, Krzysztof"]
[Black "Chojnowski, Marcin"]
[Result "1-0"]
[ECO "A57"]
[WhiteElo "2275"]
[BlackElo "2035"]
[Annotator "ChessBase"]
[PlyCount "123"]
[EventDate "2020.08.06"]
[EventType "swiss"]
[EventCountry "POL"]
[SourceTitle "playchess.com"]
[Source "ChessBase"]
[SourceQuality "1"]
[TimeControl "40/5400+30:1800+30"]

1. d4 Nf6 2. c4 c5 3. d5 b5 4. Qc2 bxc4 5. e4 d6 6. Nc3 g6 7. Bxc4 Bg7 8. Nf3 O-O 9. O-O Ba6 10. Qe2 Bxc4 11. Qxc4 Nbd7 12. Re1 Nb6 13. Qd3 Nfd7 14. Be3 Qc8 15. a4 a5 16. Qe2 Qa6 17. Bg5 Nf6 18. Nd2 h6 19. Bf4 Rfb8 20. h3 Qxe2 21. Rxe2 Nbd7 22. Ra2 Rb4 23. g4 Ne8 24. Be3 Rab8 25. Nb5 Ne5 26. b3 Nd3 27. Rc2 g5 28. Na7 R4b7 29. Nc6 Ra8 30. Nc4 Rxb3 31. Nxe7+ Kf8 32. Nf5 Rb1+ 33. Kg2 Ra6 34. Kh2 Kg8 35. Bd2 Ra1 36. Nxg7 Nxg7 37. Bxa5 Rxa4 38. Bd8 Ne8 39. Be7 f6 40. Bd8 Ra8 41. Nb6 Ne5 42. Nxa4 Nf3+ 43. Kg2 Nd4 44. Nxc5 Nxe2 45. Rxe2 Rxd8 46. Ne6 Rc8 47. Ra2 Ng7 48. Nxg7 Kxg7 49. Ra7+ Kg6 50. Rd7 h5 51. gxh5+ Kxh5 52. Rxd6 Rf8 53. Re6 f5 54. e5 g4 55. hxg4+ Kxg4 56. Rg6+ Kh5 57. Rg7 Kh6 58. Re7 f4 59. Kf3 Kg6 60. d6 Kf5 61. d7 Rd8 62. e6 1-0